 Dungeon Crawl Stone Soup version 0.20.0-15-g7f486f2 (webtiles) character file.

277057 Chiseanne the Spry (level 19, 0/144 HPs)
             Began as a Demonspawn Wanderer on June 28, 2017.
             Was an Initiate of Gozag.
             Slain by an iron troll (6 damage)
             ... on level 2 of the Depths.
             The game lasted 02:25:04 (37808 turns).

Chiseanne the Spry (Demonspawn Wanderer)           Turns: 37808, Time: 02:25:04

Health: 0/144      AC: 36    Str: 16    XL:     19   Next: 59%
Magic:  0/32       EV: 18    Int: 19    God:    Gozag
Gold:   1618       SH: 16    Dex: 23    Spells: 33/36 levels left

rFire    + + .     SeeInvis +   s - +6 broad axe of Salt {protect, rF+}
rCold    + . .     Gourm    .   V - +2 shield {AC+3}
rNeg     + + .     Faith    .   G - +2 chain mail {rN+}
rPois    +         Spirit   +   (helmet unavailable)
rElec    +         Reflect  .   m - +1 cloak {rPois}
rCorr    .         Harm     .   n - +1 pair of gloves {Str+3}
MR       ++...                  Y - +0 pair of boots of Forking Paths {+Fly Dex+3}
Stlth    ..........             N - amulet "Jonazaf" {+Inv Regen+ Dex+3}
Regen    0.8/turn               i - ring of Deithelyco {rF+ MR+ Int+4 Slay+2}
MPRegen  0.5/turn               b - ring "Omoqeih" {*Corrode +Blink rElec rN+ SInv}

@: gold aura, sanguine armour
A: horns 3, cold resistance 1, [weak 1], magic shield, magic regeneration, magic
link, freezing cloud immunity, sanguine armour 3
}: 2/15 runes: decaying, serpentine
a: Potion Petition, Call Merchant, Bribe Branch, Renounce Religion, Evoke Blink,
Evoke Invisibility, Evoke Flight


You were on level 2 of the Depths.
You worshipped Gozag.
Gozag was most pleased with you.
You were not hungry.

You visited 7 branches of the dungeon, and saw 34 of its levels.
You visited the Abyss 1 time.
You also visited: Ice Cave.

You collected 17937 gold pieces.
You spent 6433 gold pieces at shops.
You paid 9886 gold pieces to Gozag.

Inventory:

Hand Weapons
 a - the +11 war axe of Ymneo {freeze, rPois rN+ Int+3}
   (You bought it in a shop on level 15 of the Dungeon)

   It has been specially enchanted to freeze those struck by it, causing extra
   injury to most foes and up to half again as much damage against particularly
   susceptible opponents.
   It can also slow down cold-blooded creatures.
   It affects your intelligence (+3).
   It protects you from poison.
   It protects you from negative energy.
 d - a +1 scimitar of flaming
 s - the +6 broad axe of Salt (weapon) {protect, rF+}
   (You bought it in a shop on level 15 of the Dungeon)

   It protects the one who uses it against injury (+AC on strike).
   It protects you from fire.
 w - a +0 blowgun
Missiles
 F - 4 throwing nets (quivered)
 Q - 5 curare-tipped needles
Armour
 h - +0 fire dragon scales
 m - a +1 cloak of poison resistance (worn)
 n - a +1 pair of gloves of strength (worn)
 G - a +2 chain mail of positive energy (worn)
 V - a +2 shield of protection (worn)
 Y - the +0 pair of boots of Forking Paths (worn) {+Fly Dex+3}
   (You found it on level 5 of the Lair of Beasts)

   It affects your dexterity (+3).
   It lets you fly.
Jewellery
 b - the ring "Omoqeih" (right hand) {*Corrode +Blink rElec rN+ SInv}
   (You bought it in a shop on level 2 of the Orcish Mines)

   [ring of positive energy]

   It insulates you from electricity.
   It protects you from negative energy.
   It lets you see invisible.
   It lets you blink.
   It may corrode you when you take damage.
 i - the ring of Deithelyco (left hand) {rF+ MR+ Int+4 Slay+2}
   (You found it on level 7 of the Dungeon)

   [ring of protection from magic]

   It affects your intelligence (+4).
   It affects your accuracy and damage with ranged weapons and melee attacks
   (+2).
   It protects you from fire.
   It affects your resistance to hostile enchantments.
 r - an uncursed ring of flight
 I - the ring of Phasing {EV+8}
   (You found it in an ice cave)

   [ring of evasion]

   It affects your evasion (+8).
 N - the amulet "Jonazaf" (around neck) {+Inv Regen+ Dex+3}
   (You bought it in a shop on level 6 of the Dungeon)

   [amulet of regeneration]

   It affects your dexterity (+3).
   It lets you turn invisible.
   It increases your rate of regeneration.
Wands
 c - a wand of iceblast (4/15)
 k - a wand of confusion (13/48)
 p - a wand of paralysis (12/24)
 x - a wand of digging (6/24)
 B - a wand of clouds (5/9)
 L - a wand of confusion (15/48)
 U - a wand of iceblast (1/15)
Scrolls
 f - 16 scrolls of remove curse
 j - 5 scrolls of magic mapping
 t - a scroll of acquirement
 u - 11 scrolls of identify
 z - 6 scrolls of teleportation
 P - 2 scrolls of recharging
 R - 3 scrolls of silence
 Z - 2 scrolls of fear
Potions
 e - 5 potions of resistance
 g - a potion of agility
 o - a potion of flight
 q - 9 potions of heal wounds
 v - 12 potions of curing
 E - 2 potions of haste
 K - 2 potions of berserk rage
 O - 4 potions of cancellation
Miscellaneous
 H - a phantom mirror
Comestibles
 l - 14 meat rations
 W - 11 bread rations


   Skills:
 - Level 11.2 Fighting
 * Level 5.4(8.4) Axes
   Level 10.0(10.5) Maces & Flails
 * Level 13.4 Armour
 - Level 15.8 Dodging
 - Level 1.0 Stealth
 * Level 15.1 Shields
 - Level 9.0 Spellcasting
 * Level 7.0 Charms
 - Level 12.4 Evocations


You had 33 spell levels left.
You knew the following spells:

 Your Spells              Type           Power        Failure   Level  Hunger
a - Regeneration          Chrm/Necr      ###.......   45%         3    None


Dungeon Overview and Level Annotations

Branches:
Dungeon (15/15)            Temple (1/1) D:4            Lair (6/6) D:10
  Swamp (4/4) Lair:4        Snake (4/4) Lair:2        Slime (0/5) Lair:6
    Orc (2/2) D:11            Elf (0/3) Orc:2        Vaults (0/5) D:14
 Depths (2/5) D:15

Altars:
Ashenzari
Cheibriados
Dithmenos
Elyvilon
Fedhas
Gozag
Hepliaklqana
Kikubaaqudgha
Makhleb
Nemelex Xobeh
Okawaru
Qazlal
Ru
Sif Muna
Trog
Uskayaw
Vehumet
Xom
Yredelemnul
Zin
The Shining One
Lugonu

Shops:
D:6 =   D:12 *   D:13 [*(   D:15 (([((   Orc:2 *=[[   Snake:4 (   Depths:1 *

Portals:
Hell: Depths:1 Depths:2
Abyss: Depths:1 Depths:2
Trove: D:12 (give +2 fire dragon scales)


Innate Abilities, Weirdness & Mutations

You have a pair of large horns on your head.
Your flesh is cold resistant. (rC+)
When hurt, damage is shared between your health and your magic reserves.
You regenerate magic rapidly.
When low on magic, you restore magic in place of health.
You are immune to freezing clouds.
When seriously injured, your bleeding wounds create very thick armour. (AC +12)
[You are weak. (Str -2)]


Message History

The iron troll claws you!!
The sphinx casts a spell.
Something smites you!
* * * LOW HITPOINT WARNING * * *
The iron troll bites you!!!
* * * LOW HITPOINT WARNING * * *
The iron troll claws you but does no damage.
The iron troll barely misses you. The iron troll completely misses you.
The iron troll closely misses you.
The iron troll claws you but does no damage.
You feel better. You block the iron troll's attack.
The iron troll claws you but does no damage. x2
As you read the scroll of fear, it crumbles to dust.
You assume a fearsome visage.
The iron troll looks frightened!
The iron troll easily resists.
The sphinx easily resists.
The iron troll bites you!
* * * LOW HITPOINT WARNING * * *
You block the iron troll's attack. The iron troll claws you!
You die...
Your body crumbles into a pile of gold.

#...#...............###*,,,,,,,,
*#..#.....##########...###*,,,,,,
..#...#.........T.T.T....###*,,,,
#...#...#..##########.##...###*,,
..#...#...#.#,,,,,,,#T####...###*
#...#...#..T..,,***,#.##*###...##
..#...#...#.(..#######.#.# #.#...
#...#...#...H..#∩..#.#.#.###.###.
..#...#...#TT..#@T#$#.#...##.....
*,,,#..,#......#H#T#...#.#######.
,,*,,.#,..*....#..#.#.....# #.
*,,,*,,,*,,$,,,#.#.#.#...## #.
,,*,,,*,,,,,,,,##.#.#.#.#.#***##.
,,,,*,,,,,****,....#...#....,,...
****,****** *.##.#.#.#.#..##*##.
*** *,..#.#...#.#..,,,#.
****,,,,,*,*,,**,*##


You could see a sphinx and 2 iron trolls.

Vanquished Creatures
  Margery (Depths:1)
  Rupert (Lair:3)
  Asterion (Snake:4)
  A titan (Depths:2)
  A sphinx (D:12)
  A tentacled starspawn (Abyss:1)
  Gastronok (Orc:1)
  A tengu reaver (Depths:1)
  2 thorn hunters (Swamp:4)
  7 nagarajas
  Agnes (Snake:3)
  2 fire giants (D:15)
  4 stone giants (Depths:1)
  9 very ugly things
  A vampire knight (Depths:1)
  2 green deaths
  3 fire dragons
  2 death oozes (Swamp:4)
  The ghost of KleinerIrrer the Grappler, a journeyman TrMo of the Shining One (D:12)
  7 ice dragons
  16 hydras
  Fannar (Lair:1)
  3 catoblepae
  12 naga warriors
  A hell beast (Swamp:4)
  Harold (D:10)
  A ghost crab (Swamp:3)
  17 anacondas
  5 centaur warriors
  35 two-headed ogres
  6 ogre magi
  4 vampire magi (Depths:1)
  6 death yaks (Lair:6)
  5 tengu warriors
  4 deep troll earth magi
  4 deep troll shamans
  6 alligators
  7 shock serpents
  A soul eater (Abyss:1)
  A spriggan berserker (Depths:2)
  13 naga sharpshooters
  Nergalle (Orc:1)
  2 iron trolls (D:15)
  5 salamander mystics (Snake:4)
  A skeletal warrior (D:14)
  8 hell knights
  A sea snake (Snake:1)
  7 deep trolls (Depths:1)
  2 spriggan druids (Swamp:4)
  3 unseen horrors
  A wizard (D:15)
  9 swamp dragons
  5 naga ritualists
  A deep elf archer (D:14)
  3 necromancers (Depths:1)
  6 deep elf magi
  A wolf spider zombie (D:14)
  2 lindwurms (Snake:4)
  2 orc knights
  An orc sorcerer (Orc:1)
  8 oklob plants
  13 mana vipers
  14 ugly things
  4 manticores
  8 salamanders
  An elephant (Lair:2)
  A fire giant skeleton (Abyss:1)
  3 centaur zombies
  2 ice statues (IceCv)
  26 black mambas
  6 guardian serpents
  16 naga magi
  3 gargoyles
  3 orange demons (Swamp:4)
  20 spiny frogs
  5 yaktaurs (Depths:1)
  A komodo dragon (shapeshifter) (Depths:1)
  An efreet (D:14)
  3 tengu conjurers
  12 rime drakes
  11 komodo dragons
  An ancient zyme (Abyss:1)
  3 kobold demonologists
  A queen bee (Lair:2)
  7 trolls
  A tyrant leech (Swamp:3)
  13 hornets
  5 dream sheep (Lair:6)
  27 slime creatures
  5 raiju (Abyss:1)
  6 bog bodies
  13 blink frogs
  21 hippogriffs
  2 large abominations (Swamp:4)
  11 spriggans
  A centaur simulacrum (D:12)
  6 shadows
  39 yaks
  8 wyverns
  A hungry ghost (D:11)
  2 wraiths
  13 basilisks
  A steam dragon (D:12)
  17 vampire mosquitoes
  4 wargs (Orc:1)
  Edmund (D:4)
  39 nagas
  8 insubstantial wisps (Swamp:3)
  22 swamp worms
  15 water moccasins
  2 two-headed ogre zombies (D:11)
  An acid dragon (D:12)
  A floating eye (shapeshifter) (D:15)
  6 swamp drakes
  18 orc warriors
  7 porcupines
  23 ice beasts
  4 necrophages
  3 sky beasts
  4 black bears
  4 phantoms
  19 wolves
  A hornet zombie (D:6)
  28 ogres
  A boggart (D:14)
  15 centaurs
  A boggart (shapeshifter) (D:15)
  15 big kobolds
  18 crocodiles
  An elf zombie (D:8)
  17 bullfrogs
  An earth elemental (Abyss:1)
  3 wyvern skeletons
  3 scorpions
  37 killer bees
  A troll skeleton (D:8)
  15 wights
  A vampire bat (D:3)
  2 electric eels (Lair:3)
  10 starcursed masses (Abyss:1)
  10 crimson imps
  A bullfrog zombie (D:12)
  2 human zombies (D:8)
  12 orc priests
  4 hounds
  7 jellies
  3 quasits
  A gnoll shaman (D:3)
  8 centaur skeletons
  19 orc wizards
  4 bullfrog skeletons
  4 iguanas
  Ijyb (D:4)
  8 worker ants
  3 hell rats
  A killer bee zombie (D:8)
  7 ogre zombies
  3 mummies
  Robin (D:2)
  A howler monkey zombie (D:7)
  4 worker ant zombies
  14 gnolls
  19 adders
  6 river rats (Lair:3)
  3 shadow imps
  An ooze (Lair:6)
  An adder skeleton (D:9)
  A worm (D:2)
  5 dart slugs
  3 fire bats (D:3)
  10 leopard geckos
  71 orcs
  2 spectral bats (D:3)
  2 ball pythons
  3 bat skeletons (D:3)
  2 bat zombies
  9 giant cockroaches
  17 goblins
  11 hobgoblins
  14 jackals
  32 kobolds
  6 quokkas
  16 bats
  A bat simulacrum (D:3)
  6 frilled lizards
  2 goblin skeletons (D:11)
  2 goblin zombies (D:11)
  4 hobgoblin skeletons (D:11)
  3 hobgoblin zombies
  3 jackal skeletons
  2 kobold zombies (D:4)
  An orc skeleton (D:11)
  15 orc zombies (D:11)
  8 rats
  4 rat zombies (D:2)
  2 briar patches (Swamp:4)
  A butterfly (Lair:2)
  13 plants
1394 creatures vanquished.

Vanquished Creatures (collateral kills)
  2 nagarajas (Snake:4)
  A stone giant (Depths:1)
  A naga warrior (Snake:4)
  A catoblepas (Lair:6)
  2 naga sharpshooters (Snake:4)
  An ogre mage (Orc:2)
  A salamander mystic (Snake:4)
  A deep troll (Depths:1)
  A lindwurm (Snake:4)
  2 naga magi (Snake:4)
  A rime drake (Lair:5)
  3 dream sheep (Lair:6)
  2 hippogriffs
  A yak (Lair:6)
  A basilisk (Lair:6)
  A naga (Snake:4)
  2 ogres (Orc:2)
  A crocodile (Lair:6)
  A jelly (Lair:6)
26 creatures vanquished.

Vanquished Creatures (others)
  3 two-headed ogres (Orc:2)
  2 wyverns
  A rime drake (Lair:5)
  A blink frog (Swamp:4)
  A hippogriff (Lair:6)
  2 dream sheep (Lair:6)
  A raiju (Abyss:1)
  A spriggan (Swamp:4)
  A water elemental (D:14)
  4 yaks
  A basilisk (Lair:5)
  A hell hound (Lair:5)
  A sky beast (D:12)
  A boggart (D:14)
  An electric eel (D:14)
  A crimson imp (D:14)
  An orc (D:14)
  5 briar patches (Swamp:4)
  4 fungi
  9 plants
  2 starspawn tentacles (Abyss:1)
44 creatures vanquished.

Grand Total: 1464 creatures vanquished

Notes
Turn   | Place    | Note
-------+----------+-------------------------------------------
     0 | D:1      | Chiseanne the Demonspawn Wanderer began the quest for the Orb.
     0 | D:1      | Chiseanne set off with: a +2 mace, a +0 ring mail, a potion of lignification, a bread ration
     0 | D:1      | Reached XP level 1. HP: 18/18 MP: 1/1
   402 | D:1      | Gained mutation: When hurt, damage is shared between your health and your magic reserves. [demonic ancestry]
   402 | D:1      | Reached XP level 2. HP: 20/24 MP: 2/2
   511 | D:1      | Reached skill level 1 in Armour
   924 | D:2      | Gained mutation: You have a pair of small horns on your head. [demonic ancestry]
   924 | D:2      | Reached XP level 3. HP: 14/29 MP: 0/3
  1306 | D:2      | Noticed Robin
  1359 | D:2      | Killed Robin
  1361 | D:2      | Gained mutation: Your flesh is cold resistant. (rC+) [demonic ancestry]
  1361 | D:2      | Reached XP level 4. HP: 19/35 MP: 2/4
  1510 | D:2      | Found an ancient bone altar of Kikubaaqudgha.
  1737 | D:2      | Found a deep blue altar of Sif Muna.
  2498 | D:3      | Found a sacrificial altar of Ru.
  2711 | D:3      | Reached XP level 5. HP: 42/42 MP: 5/5
  2973 | D:3      | Gained mutation: You have a pair of horns on your head. [demonic ancestry]
  2973 | D:3      | Reached XP level 6. HP: 43/49 MP: 6/6
  3119 | D:3      | Found a bloodstained altar of Trog.
  3332 | D:4      | Found a staircase to the Ecumenical Temple.
  3614 | Temple   | Entered the Ecumenical Temple
  3643 | Temple   | Became a worshipper of Gozag Ym Sagoz the Greedy
  3739 | D:4      | Noticed Ijyb
  3739 | D:4      | Paralysed by Ijyb for 5 turns
  3748 | D:4      | Killed Ijyb
  3952 | D:4      | Reached skill level 5 in Fighting
  4084 | D:4      | Reached XP level 7. HP: 56/56 MP: 4/7
  4159 | D:4      | Noticed Edmund
  4167 | D:4      | Killed Edmund
  4433 | D:5      | Entered Level 5 of the Dungeon
  4727 | D:5      | Found an iron altar of Okawaru.
  4873 | D:5      | Gained mutation: You are immune to freezing clouds. [demonic ancestry]
  4873 | D:5      | Reached XP level 8. HP: 64/64 MP: 8/8
  5233 | D:6      | Reached skill level 5 in Armour
  5233 | D:6      | Reached skill level 5 in Dodging
  5689 | D:6      | Identified a scroll of acquirement
  5733 | D:6      | Bought a cursed -2 ring of evasion for 28 gold pieces
  5733 | D:6      | Bought a cursed -2 ring of dexterity for 28 gold pieces
  6274 | D:7      | Found a glowing silver altar of Zin.
  6341 | D:7      | Got a coiled bone ring
  6377 | D:7      | Gained mutation: When seriously injured, your bleeding wounds create armour. (AC +12) [demonic ancestry]
  6377 | D:7      | Reached XP level 9. HP: 72/72 MP: 9/9
  6394 | D:7      | Identified the ring of Deithelyco {rF+ MR+ Int+4 Slay+2} (You found it on level 7 of the Dungeon)
  6783 | D:7      | Found a burning altar of Makhleb.
  6951 | D:8      | Found a shadowy altar of Dithmenos.
  7000 | D:8      | Found a basalt altar of Yredelemnul.
  7264 | D:8      | Noticed a two-headed ogre
  7276 | D:8      | Killed a two-headed ogre
  7423 | D:8      | Found a glowing golden altar of the Shining One.
  7543 | D:8      | Noticed a two-headed ogre
  7548 | D:8      | Killed a two-headed ogre
  7548 | D:8      | Gained mutation: You regenerate magic rapidly. [demonic ancestry]
  7548 | D:8      | Reached XP level 10. HP: 31/82 MP: 4/10
  7769 | D:8      | Found a shimmering altar of Xom.
  8418 | D:6      | Bought the amulet "Jonazaf" {+Inv Regen+ Dex+3} for 704 gold pieces
  8645 | D:9      | Found a blossoming altar of Fedhas.
  8707 | D:9      | Found a stormy altar of Qazlal.
  8719 | D:9      | Noticed a two-headed ogre
  8726 | D:9      | Killed a two-headed ogre
  8970 | D:9      | Noticed a two-headed ogre
  8980 | D:9      | Killed a two-headed ogre
  8980 | D:9      | Reached skill level 10 in Fighting
  9180 | D:10     | Entered Level 10 of the Dungeon
  9259 | D:10     | Found a staircase to the Lair.
  9479 | D:10     | Noticed Harold
  9506 | D:10     | Killed Harold
  9506 | D:10     | Gained mutation: When seriously injured, your bleeding wounds create thick armour. (AC +12) [demonic ancestry]
  9506 | D:10     | Reached XP level 11. HP: 62/89 MP: 6/11
 10010 | D:11     | Found a staircase to the Orcish Mines.
 10262 | D:11     | Got a fine ring mail
 10448 | D:11     | Noticed a two-headed ogre
 10463 | D:11     | Noticed a two-headed ogre
 10465 | D:11     | Killed a two-headed ogre
 10465 | D:11     | Reached skill level 10 in Dodging
 10474 | D:11     | Killed a two-headed ogre
 10474 | D:11     | Reached skill level 10 in Armour
 10835 | D:11     | Identified the +3 ring mail of Satisfaction {rC- Regen+ Str+5 Dex+3} (You found it on level 11 of the Dungeon)
 10969 | D:12     | Noticed a two-headed ogre
 10983 | D:12     | Killed a two-headed ogre
 10983 | D:12     | Reached skill level 5 in Maces & Flails
 11080 | D:12     | Noticed a seven-headed hydra
 11089 | D:12     | Noticed a centaur warrior
 11093 | D:12     | Noticed a tengu warrior
 11095 | D:12     | Killed a seven-headed hydra
 11123 | D:12     | Killed a centaur warrior
 11123 | D:12     | Reached XP level 12. HP: 24/96 MP: 6/12
 11136 | D:12     | Killed a tengu warrior
 11139 | D:12     | Noticed a sphinx
 11146 | D:12     | Killed a sphinx
 11348 | D:12     | Noticed a deep troll earth mage
 11360 | D:12     | Killed a deep troll earth mage
 11370 | D:12     | Reached skill level 1 in Shields
 11545 | D:12     | Found Micvin's Assorted Antiques.
 11550 | D:12     | Noticed a two-headed ogre
 11552 | D:12     | Bought a lumpy dark potion for 30 gold pieces
 11552 | D:12     | Bought a scroll labeled XECZUB YDAU for 34 gold pieces
 11561 | D:12     | Noticed KleinerIrrer's ghost (journeyman TrMo)
 11564 | D:12     | Killed a two-headed ogre
 11787 | D:12     | Killed KleinerIrrer's ghost
 12050 | D:12     | Noticed a two-headed ogre
 12069 | D:12     | Killed a two-headed ogre
 12088 | D:12     | Noticed a two-headed ogre
 12100 | D:12     | Killed a two-headed ogre
 12209 | D:12     | Found a portal to a secret trove of treasure.
 12215 | D:12     | Got a pair of translucent gloves
 12226 | D:12     | Identified the cursed -7 pair of gloves "Ymusox" {Str-3 Dex+5} (You found it on level 12 of the Dungeon)
 12933 | D:13     | Found a frozen archway.
 12972 | D:13     | Reached XP level 13. HP: 102/102 MP: 16/16
 12987 | IceCv    | Entered an ice cave
 13010 | IceCv    | Reached skill level 5 in Evocations
 13335 | IceCv    | Reached skill level 5 in Shields
 14149 | D:13     | Bought a meat ration for 75 gold pieces
 14152 | D:13     | Bought a +1 pair of gloves of strength for 247 gold pieces
 15088 | D:14     | Found a gate to the Vaults.
 15151 | D:14     | Reached XP level 14. HP: 93/109 MP: 17/20
 15330 | D:15     | Entered Level 15 of the Dungeon
 15584 | D:15     | Found a staircase to the Depths.
 15584 | D:15     | Noticed a fire giant
 15603 | D:15     | Killed a fire giant
 15731 | D:15     | Found a hide-covered altar of Uskayaw.
 15731 | D:15     | Found an iron altar of Okawaru.
 15732 | D:15     | Noticed a fire giant
 15754 | D:15     | Killed a fire giant
 15817 | D:15     | Paralysed by a floating eye for 4 turns
 16358 | D:15     | Bought the +0 mask of the Dragon {MR+ Slay+3 SInv} for 1169 gold pieces
 16497 | Orc:1    | Entered Level 1 of the Orcish Mines
 16614 | Orc:1    | Noticed Nergalle
 16637 | Orc:1    | Killed Nergalle
 16681 | Orc:1    | Noticed Gastronok
 16700 | Orc:1    | Killed Gastronok
 17259 | Orc:2    | Entered Level 2 of the Orcish Mines
 17308 | Orc:2    | Found a staircase to the Elven Halls.
 17701 | Orc:2    | Reached skill level 10 in Evocations
 17783 | Orc:2    | Found Kuodghem's Assorted Antiques.
 17783 | Orc:2    | Found Cuopacon's Armour Shop.
 17783 | Orc:2    | Found Kafereru's Jewellery Shop.
 17783 | Orc:2    | Found Assog's Armour Shoppe.
 17834 | Orc:2    | Bought a scroll labeled CUTTEQAUGG for 24 gold pieces
 17921 | Orc:2    | Bought a +1 ring of slaying for 66 gold pieces
 17925 | Orc:2    | Bought a +1 cloak of poison resistance for 175 gold pieces
 18245 | D:15     | Bought a pair of embroidered boots for 262 gold pieces
 18272 | D:15     | Bought a twisted plate armour for 980 gold pieces
 18272 | D:15     | Bought a bloodstained chain mail for 332 gold pieces
 18287 | D:15     | Identified the +0 chain mail of the Bull {*Contam +Fly rN+} (You bought it in a shop on level 15 of the Dungeon)
 18297 | D:15     | Identified the cursed +1 plate armour "Fougab" {rPois} (You bought it in a shop on level 15 of the Dungeon)
 18449 | Orc:2    | Bought a scroll of identify for 48 gold pieces
 18449 | Orc:2    | Bought a scroll of identify for 48 gold pieces
 18449 | Orc:2    | Bought a scroll of enchant weapon for 180 gold pieces
 18449 | Orc:2    | Bought a potion of brilliance for 96 gold pieces
 18516 | Lair:1   | Entered Level 1 of the Lair of Beasts
 18545 | Lair:1   | Noticed Fannar
 18567 | Lair:1   | Killed Fannar
 18665 | Lair:1   | Gained mutation: When seriously injured, your bleeding wounds create very thick armour. (AC +12) [demonic ancestry]
 18665 | Lair:1   | Reached XP level 15. HP: 114/114 MP: 22/22
 19330 | Lair:2   | Found a staircase to the Snake Pit.
 19410 | Lair:2   | Reached skill level 10 in Shields
 20776 | Lair:3   | Noticed Rupert
 20795 | Lair:3   | Killed Rupert
 22041 | Lair:4   | Found a staircase to the Swamp.
 22414 | Lair:5   | Reached skill level 10 in Maces & Flails
 23085 | Lair:5   | Got a pair of jewelled boots
 23088 | Lair:5   | Identified the +0 pair of boots of Forking Paths {+Fly Dex+3} (You found it on level 5 of the Lair of Beasts)
 23137 | Lair:6   | Entered Level 6 of the Lair of Beasts
 23202 | Lair:6   | Reached skill level 1 in Spellcasting
 23502 | Lair:6   | Found a staircase to the Slime Pits.
 23612 | Lair:6   | Gained mutation: You have a pair of large horns on your head. [demonic ancestry]
 23612 | Lair:6   | Reached XP level 16. HP: 120/121 MP: 23/25
 24824 | Orc:2    | Bought the ring "Omoqeih" {*Corrode +Blink rElec rN+ SInv} for 435 gold pieces
 25017 | Swamp:1  | Entered Level 1 of the Swamp
 26484 | Swamp:3  | Reached skill level 5 in Spellcasting
 27259 | Swamp:4  | Entered Level 4 of the Swamp
 27285 | Swamp:4  | Noticed a thorn hunter
 27306 | Swamp:4  | Killed a thorn hunter
 28199 | Swamp:4  | Reached XP level 17. HP: 59/128 MP: 16/26
 28709 | Swamp:4  | Got a decaying rune of Zot
 29028 | Snake:1  | Entered Level 1 of the Snake Pit
 30279 | Snake:2  | Learned a level 3 spell: Regeneration
 30284 | Snake:2  | Found an iron altar of Okawaru.
 30775 | Snake:3  | Reached skill level 15 in Dodging
 31045 | Snake:3  | Noticed Agnes
 31067 | Snake:3  | Killed Agnes
 31812 | Snake:4  | Entered Level 4 of the Snake Pit
 32267 | Snake:4  | Reached XP level 18. HP: 114/137 MP: 20/30
 32503 | Snake:4  | Found Lonuq's Weapon Shop.
 32852 | Snake:4  | Noticed Asterion
 32864 | Snake:4  | Killed Asterion
 32868 | Snake:4  | Reached skill level 1 in Charms
 33637 | Snake:4  | Got a serpentine rune of Zot
 34328 | D:15     | Bought a smoking war axe for 331 gold pieces
 34328 | D:15     | Bought a dazzling falchion for 312 gold pieces
 34329 | D:15     | Identified the +11 war axe of Ymneo {freeze, rPois rN+ Int+3} (You bought it in a shop on level 15 of the Dungeon)
 34334 | D:15     | Identified the +6 falchion "Jecyi" {slice, MR++ Str-4} (You bought it in a shop on level 15 of the Dungeon)
 34363 | Depths:1 | Entered Level 1 of the Depths
 34379 | Depths:1 | Noticed Margery
 34454 | D:15     | Reached skill level 1 in Axes
 34659 | Depths:1 | Killed Margery
 34670 | Depths:1 | Reached skill level 5 in Charms
 34788 | Depths:1 | Found Kunia's Blood Bar.
 35216 | D:15     | Bought the +6 broad axe of Salt {protect, rF+} for 829 gold pieces
 35418 | D:15     | Gained mutation: When low on magic, you restore magic in place of health. [demonic ancestry]
 35418 | D:15     | Reached XP level 19. HP: 143/143 MP: 32/32
 35887 | Depths:1 | Found a gateway to Hell.
 36699 | Depths:1 | Found a one-way gate to the infinite horrors of the Abyss.
 36855 | Depths:1 | Reached skill level 15 in Shields
 36903 | Depths:1 | Reached skill level 5 in Axes
 37106 | Depths:2 | Found a corrupted altar of Lugonu.
 37150 | Depths:2 | Voluntarily entered the Abyss.
 37267 | Abyss:1  | Paralysed by accursed screaming for 1 turns
 37274 | Abyss:1  | Paralysed by accursed screaming for 1 turns
 37276 | Abyss:1  | Paralysed by accursed screaming for 1 turns
 37284 | Abyss:1  | Paralysed by accursed screaming for 2 turns
 37359 | Abyss:1  | Found a corrupted altar of Lugonu.
 37744 | Depths:2 | Escaped the Abyss
 37808 | Depths:2 | HP: 6/144 [iron troll (12)]
 37808 | Depths:2 | Slain by an iron troll

Skill      XL: |  1  2  3  4  5  6  7  8  9 10 11 12 13 14 15 16 17 18 19 |
---------------+----------------------------------------------------------+-----
Armour         | 1 2 3 4 6 7 9 10 11 12 13 | 13.4
Dodging        | 2 3 4 6 7 9 10 11 12 13 14 15 | 15.8
Fighting       | 4 5 6 7 9 10 11 | 11.2
Maces & Flails | 4 5 6 7 9 10 | 10.0
Shields        | 4 7 9 11 12 13 14 15 | 15.1
Evocations     | 4 8 10 12 | 12.4
Spellcasting   | 1 6 8 9 |  9.0
Charms         | 5 7 |  7.0
Axes           | 2 5 |  5.4
Stealth        | |  1.0

Action                   |  1- 3 |  4- 6 |  7- 9 | 10-12 | 13-15 | 16-18 | 19-21 || total
-------------------------+-------+-------+-------+-------+-------+-------+-------++-------
Melee: Mace              |   122 |   216 |    38 |    14 |       |       |       ||   390
       Headbutt          |     5 |    30 |    79 |   182 |   530 |   773 |   128 ||  1727
       Whip              |       |    47 |   385 |   799 |  1900 |  1881 |       ||  5012
       Scimitar          |       |       |       |       |    12 |   134 |       ||   146
       War axe           |       |       |       |       |       |   129 |    95 ||   224
       Broad axe         |       |       |       |       |       |    15 |   281 ||   296
 Cast: Regeneration      |       |       |       |       |       |       |     1 ||     1
Invok: Call Merchant     |       |       |     1 |       |     4 |     4 |       ||     9
 Abil: Evoke Invisibilit |       |       |       |     1 |       |       |     2 ||     3
       Evoke Flight      |       |       |       |       |       |     4 |     1 ||     5
       Evoke Blink       |       |       |       |       |       |       |     3 ||     3
Evoke: Wand              |       |       |     1 |     9 |    56 |    30 |    17 ||   113
       Box of beasts     |       |       |       |       |       |     6 |       ||     6
  Use: Scroll            |       |    10 |     9 |    18 |    13 |    11 |     8 ||    69
       Potion            |       |       |       |     4 |     2 |     6 |     3 ||    15
 Stab: Sleeping          |       |     1 |       |     1 |       |       |       ||     2
       Distracted        |       |       |     2 |     3 |    18 |    13 |       ||    36
       Paralysed         |       |       |     7 |    10 |     4 |       |       ||    21
       Invisible         |       |       |       |     1 |       |       |     7 ||     8
       Petrified         |       |       |       |       |    12 |       |       ||    12
       Confused          |       |       |       |       |     3 |     3 |     1 ||     7
  Eat: Chunk             |     1 |     9 |       |       |       |       |       ||    10
       Fruit             |       |       |     2 |    24 |    16 |    18 |       ||    60
       Bread ration      |       |       |     2 |       |     2 |     2 |     2 ||     8
       Royal jelly       |       |       |     2 |     3 |     6 |     8 |       ||    19
Armor: Ring mail         |    80 |   154 |     9 |   200 |   147 |       |       ||   590
       Chain mail        |       |       |   194 |   100 |   153 |   670 |   230 ||  1347
       Scale mail        |       |       |    28 |       |       |       |       ||    28
Dodge: Dodged            |   108 |   237 |   175 |   618 |  1231 |  1062 |   323 ||  3754
Block: Shield            |       |       |       |   174 |  1022 |  1574 |   390 ||  3160
       Rpst.: Scimitar   |       |       |       |       |       |    31 |       ||    31
